 Dungeon Crawl Stone Soup version 0.25-a0-294-gea9b1ad (webtiles) character file.

Game seed: 4343807102860547388, levelgen mode: deterministic

95 MrTaco21 the Skirmisher (level 4, 0/30 HPs)
             Began as a Gargoyle Fighter on Dec 16, 2019.
             Killed by divine providence
             ... invoked by an orc priest
              (12 damage)
             ... on level 4 of the Dungeon.
             The game lasted 00:04:34 (1887 turns).

MrTaco21 the Skirmisher (Gargoyle Fighter)          Turns: 1887, Time: 00:04:35

Health: 0/30       AC: 15    Str: 20    XL:     4   Next: 66%
Magic:  4/4        EV:  3    Int:  9    God:
Gold:   236        SH:  9    Dex:  9    Spells: 3/3 levels left

rFire    . . .     SeeInvis .   a - +0 flail
rCold    . . .     Gourm    .   c - +0 shield
rNeg     + . .     Faith    .   h - +0 plate armour
rPois    ∞         Spirit   .   (no helmet)
rElec    +         Reflect  .   (no cloak)
rCorr    .         Harm     .   (no gloves)
MR       .....                  (no boots)
Stlth    ..........             (no amulet)
HPRegen  0.10/turn              (no ring)
MPRegen  0.09/turn              (no ring)

@: no status effects
A: negative energy resistance 1, electricity resistance, unbreathing,
petrification resistance, rot immunity, AC +3
a: no special abilities


You were on level 4 of the Dungeon.
You were not hungry.

You visited 1 branch of the dungeon, and saw 4 of its levels.

You collected 236 gold pieces.

Inventory:

Hand Weapons
 a - a +0 flail (weapon)
Armour
 c - a +0 shield (worn)
 h - a +0 plate armour (worn)
   (You found it on level 2 of the Dungeon)
Scrolls
 b - 3 scrolls of identify {unknown}
 g - 5 scrolls of remove curse {unknown}
 i - a scroll of immolation {unknown}
 j - a scroll of noise {unknown}
 n - a scroll of blinking {unknown}
Potions
 d - a potion of might
 f - 2 potions of brilliance {unknown}
 k - a potion of heal wounds {unknown}
 m - 2 potions of haste {unknown}
 o - a potion of lignification {unknown}
Comestibles
 e - 7 rations {!d}
 l - a chunk of flesh


   Skills:
 + Level 4.7 Fighting
 + Level 3.6 Maces & Flails
 - Level 3.2 Armour
 - Level 3.2 Shields


You had 3 spell levels left.
You didn't know any spells.
Your spell library contained the following spells:

 Spells                   Type           Power        Failure   Level  Hunger
 Confusing Touch          Hex            #.....       100%        1    ##.....
 Confuse                  Hex            #.......     100%        3    ####...
 Gell's Gravitas          Tloc           #.........   100%        3    ####...
 Petrify                  Tmut/Erth      #.......     100%        4    #####..
 Metabolic Englaciation   Hex/Ice        #.........   100%        5    ######.
 Yara's Violent Unravell  Hex/Tmut       #.........   100%        5    ######.


Dungeon Overview and Level Annotations

Branches:
Dungeon (4/15)
 Temple: D:4-7

Altars:
Cheibriados
Dithmenos
Fedhas
Kikubaaqudgha
Makhleb


Innate Abilities, Weirdness & Mutations

You are resistant to torment.
Your stone body is resilient. (AC +3)
You are immune to poison.
You resist negative energy. (rN+)
You are resistant to electric shocks. (rElec)
You can survive without breathing.
You are immune to petrification.
You are immune to rotting.


Message History

You now have 220 gold pieces (gained 9).
Found 11 gold pieces.
You now have 231 gold pieces (gained 11).
Done exploring.
Done exploring.
Done exploring.
Search for what [Enter for "."]? .
There is a stone staircase leading down here.
You climb downwards.
There is a stone staircase leading up here.
Found 5 gold pieces.
You now have 236 gold pieces (gained 5).
Found 25 arrows.
You see here 25 arrows.
Eating one of 2 chunks of flesh.
You eat one of the 2 chunks of flesh.
An orc comes into view.
An orc is nearby!
An orc comes into view.
The orc shouts!
An orc priest comes into view. It is wielding a +0 club.
An orc comes into view. It is wielding a +0 club.
The orc shouts!
The orc hits you but does no damage.
You hit the orc. The orc hits you but does no damage.
The orc priest casts a cantrip, but nothing happens.
Your plate armour prevents you from hitting the orc.
The orc hits you but does no damage.
You closely miss the orc. The orc hits you.
You barely miss the orc. The orc barely misses you. You block the orc's attack.
You hit the orc but do no damage.
The orc priest looks encouraged for a moment.
You block the orc's attack.
You completely miss the orc. The orc hits you but does no damage.
Unknown command.
Your shield and plate armour prevent you from hitting the orc.
The orc hits you but does no damage. x2
The orc priest mumbles some strange prayers to Beogh against you.
Beogh smites you!
You hear a shout!
Your plate armour prevents you from hitting the orc.
The orc hits you but does no damage.
You closely miss the orc. The orc hits you but does no damage.
The orc priest mumbles some strange prayers to Beogh against you.
Beogh smites you!
* * * LOW HITPOINT WARNING * * *
An orc comes into view. It is wielding a -2 mace.
You block the orc's attack.
The orc priest mumbles some strange prayers to Beogh against you.
Beogh smites you!
You die...

#.# #.# #.# #.# #.# #.#
#.#####.# #....##.#
#....##.#########
#....##..........
###.#######....############
....o.ooo.@....+
###.#o######...# # #### #.
#.


You could see an orc priest and 4 orcs.

Vanquished Creatures
  3 adders (D:2)
  An ooze (D:3)
  A worm (D:3)
  2 dart slugs (D:1)
  3 leopard geckos
  3 orcs (D:3)
  A ball python (D:1)
  5 bats
  2 giant cockroaches
  4 goblins
  2 hobgoblins
  7 jackals
  A quokka (D:2)
  6 frilled lizards
  6 kobolds
  4 rats
51 creatures vanquished.

Notes
Turn   | Place    | Note
-------+----------+-------------------------------------------
     0 | D:1      | MrTaco21 the Gargoyle Fighter began the quest for the Orb.
     0 | D:1      | Reached XP level 1. HP: 14/14 MP: 1/1
    48 | D:1      | Reached XP level 2. HP: 19/19 MP: 2/2
   569 | D:2      | Reached skill level 4 in Fighting
   569 | D:2      | Reached XP level 3. HP: 20/24 MP: 3/3
   788 | D:2      | Found a shadowy altar of Dithmenos.
   840 | D:2      | Reached XP level 4. HP: 29/30 MP: 4/4
  1544 | D:3      | Found a burning altar of Makhleb.
  1544 | D:3      | Found a snail-covered altar of Cheibriados.
  1737 | D:3      | Found a blossoming altar of Fedhas.
  1738 | D:3      | Found an ancient bone altar of Kikubaaqudgha.
  1887 | D:4      | Killed from afar by an orc priest

Levels and vault maps discovered:
D:1:      minmay_arrival_radiant_lines, layout_basic
D:2:      layout_basic, overflow_temple_1_default
D:3:      layout_rooms, grunt_temple_overflow_growth_and_decay,
          gammafunk_temple_overflow_elements, first_ration
D:4:      layout_basic, uniq_pikel, uniq_blork_the_orc, uniq_eustachio

Skill      XL: |  1  2  3 |
---------------+----------+-----
Fighting       | 4 |  4.7
Maces & Flails | 3 |  3.6
Armour         | |  3.2
Shields        | |  3.2

Action                   |  1- 3 |  4- 6 || total
-------------------------+-------+-------++-------
Melee: Flail             |   110 |   101 ||   211
  Eat: Chunk             |       |     4 ||     4
Armor: Scale mail        |    84 |    12 ||    96
       Plate armour      |       |    70 ||    70
Dodge: Dodged            |    55 |    23 ||    78
Block: Shield            |    71 |    58 ||   129

Table legend:
 A = Non-vault XP
 B = Vault XP
 C = Vault XP percentage of total XP
 D = Non-vault monster count
 E = Vault monster count
 F = Vault count percentage of total count
                 A         B        C        D         E       F
            +---------+---------+-------+---------+---------+-------
      Total |     137 |       0 |   0.0 |      51 |       0 |   0.0
            +---------+---------+-------+---------+---------+-------
        D:1 |      32 |       0 |   0.0 |      16 |       0 |   0.0
        D:2 |      61 |       0 |   0.0 |      16 |       0 |   0.0
        D:3 |      44 |       0 |   0.0 |      19 |       0 |   0.0
            +---------+---------+-------+---------+---------+-------
